AoeStats
← pAtORuso285591

Mountain Pass

520262516Analyzed
2v2 RM · 6d ago on Nov 11, 2026· 24m 33s· 4 players
Game mode
Random Map
Map size
Medium (4 player)
Population
200
Speed
Normal
Resources
Standard
Victory
Conquest
Starting age
Dark Age
Ending age
Imperial Age
RankedLock teamsTeams togetherTeam positionsShared explorationLock speedFull tech treeHidden civsTurbo modeCheats
Victory
Defeat
🇨🇦 Japanese · Canada
986
+17
🇺🇸 Mongols · United States
950
+17
vs
🇦🇷 Vietnamese · Argentina
1000
-51
🇦🇷 Cumans · Argentina
1000
-51
Mr. Excel
8:04 Loom
13:38 Feudal Age
14:20 Man-at-Arms
23:44 Castle Age
22:05 Padded Archer Armor
22:02 Double-Bit Axe
22:51 Scale Mail Armor
AcesDoubled
6:39 Loom
9:57 Loom
15:08 Feudal Age
15:58 Double-Bit Axe
21:36 Fletching
23:32 Padded Archer Armor
GranPatoGordo
7:56 Loom
17:16 Feudal Age
20:15 Double-Bit Axe
20:18 Man-at-Arms
pAtORuso285591
3:52 Loom
14:02 Feudal Age
15:39 Horse Collar
Connection lost

Rejoining the realm…

Still unreachable

The connection could not be restored.

Session expired

The server has moved on; the page needs a fresh start.